 Dungeon Crawl Stone Soup version 0.27-a0-1200-g94dc6ad4cf (webtiles) character file.

Game seed: 7799823385496752901

3041 BEESINMYEYE the Cleaver (level 9, -2/79 HPs)
             Began as a Minotaur Berserker on June 1, 2021.
             Was an Elder of Trog.
             Slain by a yak (5 damage)
             ... on level 8 of the Dungeon.
             The game lasted 00:23:15 (7266 turns).

BEESINMYEYE the Cleaver (Minotaur Berserker)        Turns: 7266, Time: 00:23:15

Health: -2/79      AC: 17    Str: 24    XL:     9   Next: 56%
Magic:  8/8        EV:  7    Int: 10    God:    Trog [****..]
Gold:   489        SH:  0    Dex: 11    Spells: 8/8 levels left

rFire    . . .     SeeInvis .   h - +0 war axe
rCold    . . .     Faith    .   (no shield)
rNeg     + . .     Spirit   .   u - +0 plate armour
rPois    .         Reflect  .   E - +2 hat
rElec    .         Harm     .   b - +0 cloak
rCorr    .         Rampage  .   C - +0 pair of gloves
Will     ++...                  (no boots)
Stlth    ..........             (no amulet)
HPRegen  1.23/turn              y - ring of positive energy
MPRegen  0.11/turn              F - +6 ring of intelligence

@: strong-willed, on berserk cooldown, regenerating, slowed, very slow
A: horns 2, retaliatory headbutt
a: Renounce Religion, Berserk, Trog's Hand, Brothers in Arms


You were on level 8 of the Dungeon.
You worshipped Trog.
Trog was greatly pleased with you.
You visited 1 branch of the dungeon, and saw 8 of its levels.

You collected 489 gold pieces.

Inventory:

Hand Weapons
 h - a +0 war axe (weapon)
 j - a +1 hand axe of electrocution
Missiles
 p - 33 poisoned darts (quivered)
Armour
 b - a +0 cloak (worn)
 u - a +0 plate armour (worn)
 C - a +0 pair of gloves (worn)
 E - a +2 hat (worn)
 H - +0 steam dragon scales
Jewellery
 y - a ring of positive energy (left hand)
 F - a +6 ring of intelligence (right hand)
 G - an amulet of the acrobat
Scrolls
 a - 2 scrolls of amnesia {unknown}
 c - 2 scrolls of enchant armour {unknown}
 e - 6 scrolls of identify {unknown}
 k - a scroll of blinking {unknown}
 l - 2 scrolls of fear {unknown}
 n - a scroll of acquirement {unknown}
 o - a scroll of fog {unknown}
 q - a scroll of teleportation {unknown}
 t - a scroll of torment {unknown}
 v - 3 scrolls of vulnerability {unknown}
 x - a scroll of holy word {unknown}
 B - a scroll of magic mapping {unknown}
 D - a scroll of summoning {unknown}
Potions
 d - 3 potions of heal wounds
 f - 2 potions of haste {unknown}
 i - a potion of attraction {unknown}
 m - 2 potions of curing {unknown}
 r - a potion of mutation {unknown}
 s - 2 potions of berserk rage {unknown}
 w - 4 potions of brilliance {unknown}
 z - a potion of cancellation {unknown}
 A - a potion of invisibility {unknown}


   Skills:
 - Level 7.0 Fighting
 + Level 13.3 Axes
 - Level 7.0 Armour
 - Level 2.2 Dodging


You had 8 spell levels left.
You didn't know any spells.
Your spell library was empty.

Dungeon Overview and Level Annotations

Branches:
Dungeon (8/15)             Temple (0/1) D:6
   Lair: D:8-11

Altars:
Cheibriados
Makhleb
Nemelex Xobeh
Trog
Xom
Yredelemnul
The Shining One

Shops:
D:3 [


Innate Abilities, Weirdness & Mutations

You have a pair of horns on your head.
You reflexively headbutt those who attack you in melee.


Message History

The yak gores you but does no damage. x2; The yak gores you!
You slash the yak! You headbutt the yak!
The yak is heavily wounded.
You hit the yak. You hit the yak but do no damage.
The yak gores you but does no damage. The yak gores you! The yak gores you.
The yak gores you!
You hit the yak. You headbutt the yak!
The yak is almost dead.
You hit the yak. You barely miss the yak. x2
The yak gores you but does no damage. The yak barely misses you.
The yak gores you! The yak gores you but does no damage.
You hit the yak. You headbutt the yak.
You kill the yak!
Trog accepts your kill.
You hit the yak. You barely miss the yak. You slash the yak!
The yak barely misses you. The yak gores you! The yak barely misses you.
The yak gores you but does no damage.
The black bear bites you but does no damage.
The black bear closely misses you. The black bear claws you.
The yak gores you but does no damage. x2
The black bear bites you but does no damage.
The black bear claws you but does no damage.
The black bear claws you. The yak gores you. The yak gores you.
* * * LOW HITPOINT WARNING * * *
The yak gores you but does no damage. The black bear barely misses you.
The black bear claws you but does no damage.
The black bear claws you.
* * * LOW HITPOINT WARNING * * *
The yak gores you but does no damage.
Your skin crawls.
You feel strong-willed. The yak gores you but does no damage.
The yak gores you!
* * * LOW HITPOINT WARNING * * *
The black bear completely misses you.
The black bear claws you but does no damage. x2
The yak gores you!
* * * LOW HITPOINT WARNING * * *
The yak gores you.
You die...

#.....?.......#.........#####
#............................
#............................
#....#....#..................
... #....#...............###
. ##..†...# ...........
#......#########+......
#....YYh(....##........
###..Y@......+.........
..............##........
...............##...###..
...............##...###..
............)............
.....####.........##.#...
##### #............#.#.
#.........####.##
####.........#...


You could see 3 yaks and a black bear.

Vanquished Creatures
  Grinder (D:3)
  A wyvern (D:5)
  A yak (D:8)
  A steam dragon (D:8)
  Menkaure (D:7)
  Duvessa (D:6)
  A water moccasin (D:7)
  2 ice beasts
  An orc warrior (D:5)
  3 sky beasts
  A black bear (D:5)
  3 necrophages
  A centaur (D:8)
  A phantom (D:6)
  A wyvern zombie (D:7)
  2 bullfrogs (D:8)
  Dowan (D:6)
  A bullfrog zombie (D:5)
  A centaur zombie (D:7)
  2 jellies (D:4)
  2 centaur skeletons
  A gnoll shaman (D:8)
  5 orc priests
  Crazy Yiuf (D:2)
  A bullfrog skeleton (D:7)
  A hound (D:6)
  Jessica (D:3)
  2 iguanas
  4 orc wizards
  3 gnolls (D:8)
  6 adders
  A shadow imp (D:8)
  2 ufetubi
  An adder skeleton (D:4)
  A worm (D:3)
  2 dart slugs
  21 orcs
  2 ball pythons
  5 bats
  5 endoplasms
  3 giant cockroaches
  3 hobgoblins (D:4)
  4 quokkas
  5 frilled lizards
  6 goblins
  7 kobolds
  A quokka skeleton (D:4)
  4 rats
127 creatures vanquished.

Notes
Turn   | Place    | Note
-------+----------+-------------------------------------------
     0 | D:1      | BEESINMYEYE the Minotaur Berserker began the quest for the
                  | Orb.
     0 | D:1      | Reached XP level 1. HP: 19/19 MP: 0/0
   403 | D:1      | Reached skill level 4 in Axes
   696 | D:1      | Reached XP level 2. HP: 23/27 MP: 1/1
   888 | D:2      | Found a bloodstained altar of Trog.
  1161 | D:2      | Found a runed translucent door.
  1162 | D:2      | Noticed Crazy Yiuf
  1170 | D:2      | Killed Crazy Yiuf
  1171 | D:2      | Reached skill level 5 in Axes
  1171 | D:2      | Reached XP level 3. HP: 19/33 MP: 0/2
  1587 | D:3      | Found a faded altar of an unknown god.
  1610 | D:3      | Reached skill level 6 in Axes
  1610 | D:3      | Reached XP level 4. HP: 26/40 MP: 3/3
  1854 | D:3      | Noticed Grinder
  1866 | D:3      | Killed Grinder
  1867 | D:3      | Reached skill level 5 in Fighting
  1867 | D:3      | Reached skill level 7 in Axes
  1867 | D:3      | Reached XP level 5. HP: 48/48 MP: 4/4
  1867 | D:3      | Reached XP level 6. HP: 56/56 MP: 5/5
  1896 | D:3      | Reached ** piety under Trog
  2468 | D:3      | Found Joce's Antique Armour Shop.
  2521 | D:3      | Found a glowing golden altar of the Shining One.
  2600 | D:3      | Found a basalt altar of Yredelemnul.
  2602 | D:3      | Found a snail-covered altar of Cheibriados.
  2753 | D:3      | Noticed Jessica
  2760 | D:3      | Killed Jessica
  2918 | D:4      | Reached skill level 8 in Axes
  3023 | D:4      | Found the +9 staff of Wucad Mu {*channel}
  3134 | D:4      | Reached *** piety under Trog
  3270 | D:4      | Reached XP level 7. HP: 60/62 MP: 6/6
  3847 | D:5      | Entered Level 5 of the Dungeon
  4221 | D:5      | Reached skill level 5 in Armour
  4225 | D:5      | Reached skill level 9 in Axes
  4225 | D:5      | Reached XP level 8. HP: 55/73 MP: 7/7
  4848 | D:6      | Found a staircase to the Ecumenical Temple.
  4912 | D:5      | Reached skill level 10 in Axes
  5185 | D:6      | Noticed Dowan
  5185 | D:6      | Noticed Duvessa
  5209 | D:6      | Killed Duvessa
  5210 | D:6      | Reached skill level 11 in Axes
  5214 | D:6      | Killed Dowan
  5215 | D:6      | Reached XP level 9. HP: 26/78 MP: 8/8
  5980 | D:7      | Found a shimmering altar of Xom.
  5981 | D:7      | Found a sparkling altar of Nemelex Xobeh.
  5981 | D:7      | Found a burning altar of Makhleb.
  6426 | D:7      | Reached skill level 12 in Axes
  6481 | D:7      | Noticed Menkaure
  6492 | D:7      | Killed Menkaure
  7035 | D:8      | Reached **** piety under Trog
  7238 | D:8      | Reached skill level 13 in Axes
  7266 | D:8      | HP: 3/79 [yak (7)]
  7266 | D:8      | Slain by a yak

Illustrated notes

Levels and vault maps discovered:
D:1:      amcnicky_arrival_wind_blow, layout_basic
D:2:      layout_rooms, basic_altar, uniq_crazy_yiuf_cottage
D:3:      layout_loops_ring, minitemple, tso_altar, serial_shops,
          nicolae_shop_trees, chequers_ecumenical_altar_simple_redux,
          kennysheep_jessica_study, uniq_grinder
D:4:      layout_loops_ring, grunt_ministairs_1, hangedman_decor_opposing,
          chequers_serial_rivers_micro_b
D:5:      layout_gridville, st_stairs_4, minmay_holes
D:6:      layout_cave_pools, minmay_temple_entry_statues_pillars, uniq_duvessa
D:7:      layout_basic, chequers_temple_overflow_statue_of_worship,
          minmay_misc_feat_more_columns, minmay_between, uniq_menkaure
D:8:      layout_basic, david_lair_shrubbed, uniq_pikel

Skill      XL: |  1  2  3  4  5  6  7  8  9 |
---------------+----------------------------+-----
Axes           | 4 5 6 7 8 9 11 13 | 13.3
Fighting       | 5 7 |  7.0
Armour         | 3 5 7 |  7.0
Dodging        | |  2.2

Action                   |  1- 3 |  4- 6 |  7- 9 || total
-------------------------+-------+-------+-------++-------
Melee: Hand axe          |    61 |    49 |   119 ||   229
       Headbutt          |     9 |    14 |    36 ||    59
       War axe           |       |    44 |   101 ||   145
Throw: Dart              |       |     4 |    12 ||    16
Invok: Berserk           |     2 |     2 |     4 ||     8
       Trog's Hand       |       |       |     2 ||     2
  Use: Potion            |     1 |       |       ||     1
Armor: Animal skin       |     6 |       |       ||     6
       Scale mail        |     4 |    36 |    10 ||    50
       Ring mail         |     4 |       |       ||     4
       Plate armour      |       |       |   130 ||   130
Dodge: Dodged            |    29 |    37 |    63 ||   129

Table legend: (Time is in decaauts)
 A = Elapsed time spent in this place.
 B = Non-inter-level travel time spent in this place.
 C = Inter-level travel time spent in this place.
 D = Time resting spent in this place.
 E = Time spent auto-exploring this place.
 F = Levels seen in this place.
 G = Mean time per level.
                   A        B        C        D        E       F      G
               +--------+--------+--------+--------+--------+-----+--------+
         Total |   7311 |   7151 |    160 |    945 |   4858 |   8 |  913.9 |
       Dungeon |   7311 |   7151 |    160 |    945 |   4858 |   8 |  913.9 |
               +--------+--------+--------+--------+--------+-----+--------+

Top non-repeatable levels by time:
     D:3: 1377 daAuts
     D:5: 1100 daAuts
     D:6: 987 daAuts
     D:4: 977 daAuts
     D:7: 851 daAuts
     D:1: 809 daAuts
     D:2: 729 daAuts
     D:8: 478 daAuts
